 Dungeon Crawl Stone Soup version 0.30.1-3-gfc49f6343a (webtiles) character file.

Game seed: 15815687046876209977

8389 cheesebisquit the Grappler (level 11, -15/109 HPs)
             Began as a Troll Fighter on July 20, 2023.
             Was a High Priest of Cheibriados.
             Killed from afar by an acid dragon (23 damage)
             ... with a splash of acid
             ... on level 10 of the Dungeon.
             The game lasted 00:28:18 (7446 turns).

cheesebisquit the Grappler (Troll Fighter)          Turns: 7446, Time: 00:28:19

Health: -15/109    AC:  5    Str: 46    XL:     11   Next: 9%
Magic:  10/10      EV: 11    Int: 25    God:    Cheibriados [*****.]
Gold:   372        SH: 13    Dex: 20    Spells: 10/10 levels left

rFire   + .          .
                       - Unarmed
rCold   . . .        b - +1 kite shield
rNeg    . . .        d - +1 robe of Oblivion {Str+3}
rPois   .            (helmet restricted)
rElec   .            k - scarf {shadows}
rCorr   .            (gloves unavailable)
SInv    .            (boots unavailable)
Will    .....        (no amulet)
Stlth   ++           j - +6 ring of intelligence
HPRegen 1.18/turn    p - ring "Cenafap" {rF+ Str+6}
MPRegen 0.12/turn

%: no passive effects
@: mighty, very slow
A: large, unfitting armour, claws 3, regeneration 1, shaggy fur 1, tough skin 1
a: Renounce Religion, Bend Time, Temporal Distortion, Slouch, Step From Time


You were on level 10 of the Dungeon.
You worshipped Cheibriados.
Cheibriados was extremely pleased with you.
You visited 2 branches of the dungeon, and saw 12 of its levels.

You collected 638 gold pieces.
You spent 266 gold pieces at shops.

Inventory:

Missiles
 i - 66 poisoned darts (quivered)
 s - 4 large rocks
 w - a boomerang
 y - 4 throwing nets
Armour
 b - a +1 kite shield (worn)
 d - the +1 robe of Oblivion (worn) {Str+3}
   (You found it on level 5 of the Dungeon)

   Str:       It affects your strength (+3).
 k - a scarf of shadows (worn)
Jewellery
 j - a +6 ring of intelligence (left claw)
 p - the ring "Cenafap" (right claw) {rF+ Str+6}
   (You found it on level 5 of the Dungeon)

   [ring of strength]

   Str:       It affects your strength (+6).
   rF:        It protects you from fire.
Wands
 l - a wand of flame (11)
 A - a wand of light (8)
 C - a wand of polymorph (3)
 E - a wand of roots (7)
Scrolls
 a - 2 scrolls of butterflies
 e - 2 scrolls of immolation
 f - 3 scrolls of poison
 h - 3 scrolls of fog
 n - a scroll of vulnerability
 o - 5 scrolls of teleportation
 q - 4 scrolls of magic mapping
 v - 2 scrolls of silence
 x - a scroll of fear
 z - a scroll of blinking
 D - 2 scrolls of amnesia
 F - a scroll of identify
Potions
 c - a potion of might
 g - a potion of curing
 m - a potion of heal wounds
 r - 4 potions of mutation
 t - a potion of attraction
 u - 2 potions of brilliance
 B - a potion of lignification


   Skills:
 + Level 7.4 Fighting
 + Level 4.2 Dodging
 + Level 8.2 Shields
 * Level 12.0 Unarmed Combat


You had 10 spell levels left.
You didn't know any spells.
Your spell library contained the following spells:

 Spells                   Type           Power      Damage    Failure   Level
 Gell's Gravitas          Tloc           0%         N/A       50%         3
 Ozocubu's Armour         Ice            0%         N/A       50%         3
 Summon Guardian Golem    Hex/Summ       0%         N/A       50%         3
 Teleport Other           Tloc           0%         N/A       50%         3
 Cause Fear               Hex            0%         N/A       88%         4
 Dispersal                Tloc           0%         N/A       100%        6
 Dragon Form              Tmut           0%         N/A       100%        7
 Orb of Destruction       Conj           0%         9d5       100%        7
 Ozocubu's Refrigeration  Ice            0%         4d7       100%        7
 Spellforged Servitor     Conj/Summ      0%         N/A       100%        7
 Dragon's Call            Summ           0%         N/A       100%        9


Dungeon Overview and Level Annotations

Branches:
Dungeon (11/15)            Temple (1/1) D:4
   Lair: D:8-11         Orc: D:9-12

Altars:
Ashenzari
Cheibriados
Dithmenos
Elyvilon
Gozag
Kikubaaqudgha
Makhleb
Nemelex Xobeh
Okawaru
Qazlal
Ru
Sif Muna
Trog
Uskayaw
Vehumet
Wu Jian
Xom
Yredelemnul
Zin
The Shining One

Shops:
D:2 :   D:3 (   D:4 ?((

Annotations:
D:3 3 runed translucent doors, bahustanut's ghost, amateur OgGl; bairyn's ghost, amateur SpRe


Innate Abilities, Weirdness & Mutations

You are too large for most types of armour.
You have claws for hands.
Your natural rate of healing is unusually fast.
You are covered in fur. (AC +1)
You have tough skin. (AC +1)


Message History

The centaur warrior kicks you but does no damage.
You feel very mighty all of a sudden.
You block the centaur warrior's attack. x3; The centaur warrior misses you.
You scratch the centaur warrior.
The centaur warrior is severely wounded.
The centaur warrior closely misses you.
The centaur warrior kicks you but does no damage.
You eviscerate the centaur warrior!!!
You kill the centaur warrior!
Cheibriados thoroughly appreciates the change of pace.
You can now step out of the flow of time.
Cheibriados raises the support of your attributes as your movement slows.
Your Unarmed Combat skill increases to level 12!
You have reached level 11!
You mangle the yak!!
The yak is heavily wounded.
The yak gores you!
You barely miss the yak.
The yak is heavily wounded.
The yak gores you!
You mangle the yak!!
You kill the yak!
Cheibriados appreciates the change of pace.
You block the manticore's attack. The manticore claws you.
The manticore claws you but does no damage.
The acid dragon spits acid at you. You block the splash of acid.
The manticore bites you! The manticore claws you! The manticore claws you.
The acid dragon bites you but does no damage.
The acid dragon closely misses you.
You hear a shout!
Things that are here:
a +0 longbow; 7 gold pieces; a centaur corpse You closely miss the manticore.
The manticore bites you!!
* * * LOW HITPOINT WARNING * * *
The manticore closely misses you. The manticore claws you!
* * * LOW HITPOINT WARNING * * *
The acid dragon spits acid at you. The splash of acid hits you!!
You die...

##...## #.# #.....##
#[#### .......##
#....#######
.)......####..........
........'.............
........##......#...
........#...###.#.###.#
#.....#.........#H....#
##..>##......#.?@D.#
##'##...###.#.###$#
#.#........#. #
#.......# .. ##...###.#
### ##....)...#....
#.....)#)....#
#..###)#.###.#
.....).#.....#


You could see a manticore and an acid dragon (catching breath).

Vanquished Creatures
  Harold (D:9)
  A centaur warrior (D:10)
  2 two-headed ogres
  Joseph (D:9)
  Psyche (D:10)
  Maggie (D:9)
  An unseen horror (D:10)
  2 hornets (D:10)
  2 wyverns
  5 yaks
  2 steam dragons (D:9)
  3 orc warriors
  An ogre (D:6)
  4 black bears
  A centaur (D:8)
  A phantom (D:5)
  7 kobold brigands
  2 scorpions (D:4)
  A gnoll sergeant (D:5)
  9 wights
  5 killer bees (D:9)
  3 howler monkeys
  5 hounds
  4 orc priests
  3 gnoll boudas
  3 sleepcaps
  3 iguanas
  5 orc wizards
  14 gnolls
  5 adders
  2 shadow imps (D:7)
  A white imp (D:8)
  5 dart slugs
  24 orcs
  6 bats
  3 endoplasms
  2 giant cockroaches (D:3)
  7 goblins
  7 hobgoblins
  6 jackals
  28 kobolds
  6 quokkas
  7 ball pythons
  4 frilled lizards
  4 rats
  A butterfly (D:4)
211 creatures vanquished.

Notes
Turn   | Place    | Note
-------+----------+-------------------------------------------
     0 | D:1      | cheesebisquit the Troll Fighter began the quest for the
                  | Orb.
     0 | D:1      | Reached XP level 1. HP: 22/22 MP: 0/0
    76 | D:1      | Reached XP level 2. HP: 28/29 MP: 1/1
   720 | D:2      | Found Vyfull's Book Shop.
   728 | D:2      | Found a stormy altar of Qazlal.
   837 | D:2      | Reached XP level 3. HP: 36/36 MP: 2/2
   924 | D:2      | Reached skill level 3 in Unarmed Combat
  1028 | D:2      | Reached XP level 4. HP: 41/44 MP: 3/3
  1394 | D:3      | Found Qoxoz's Antique Weapon Shoppe.
  1872 | D:3      | Found a runed translucent gate.
  1872 | D:3      | Found a runed translucent gate.
  1872 | D:3      | Found a runed translucent gate.
  1882 | D:3      | Noticed bairyn's ghost (amateur SpRe)
  1882 | D:3      | Noticed bahustanut's ghost (amateur OgGl)
  2000 | D:3      | Reached XP level 5. HP: 53/53 MP: 4/4
  2001 | D:3      | Found a bloodstained altar of Trog.
  2305 | D:4      | Reached skill level 4 in Unarmed Combat
  2425 | D:4      | Found Pywecac's Magic Scroll Shoppe.
  2427 | D:4      | Found a staircase to the Ecumenical Temple.
  2436 | Temple   | Entered the Ecumenical Temple
  2534 | Temple   | Became a worshipper of Cheibriados the Contemplative
  2583 | D:4      | Found Ympa's Magic Scroll Boutique.
  2667 | D:4      | Found Micet's Weapon Emporium.
  2670 | D:4      | Bought 2 poisoned darts for 13 gold pieces
  2670 | D:4      | Bought a throwing net for 33 gold pieces
  2699 | D:4      | Found Uliogh's Antique Weapon Shoppe.
  2754 | D:4      | Bought a scroll of identify for 20 gold pieces
  2754 | D:4      | Bought a scroll of magic mapping for 75 gold pieces
  2754 | D:4      | Bought a scroll of identify for 20 gold pieces
  2754 | D:4      | Bought a scroll of identify for 20 gold pieces
  2754 | D:4      | Bought a scroll of blinking for 75 gold pieces
  2837 | D:4      | Reached XP level 6. HP: 59/61 MP: 5/5
  2884 | D:4      | Found a shimmering altar of Xom.
  2942 | D:4      | Bought a scroll of noise for 10 gold pieces
  2998 | D:5      | Entered Level 5 of the Dungeon
  3011 | D:4      | Reached skill level 5 in Unarmed Combat
  3210 | D:5      | Reached * piety under Cheibriados
  3215 | D:5      | Reached XP level 7. HP: 54/68 MP: 6/6
  3294 | D:5      | Identified the +1 robe of Oblivion {Str+3}
  3423 | D:5      | Reached skill level 6 in Unarmed Combat
  3808 | D:5      | Identified the ring "Cenafap" {rF+ Str+6}
  4114 | D:6      | Found an ornate altar of the Wu Jian Council.
  4172 | D:6      | Reached skill level 5 in Shields
  4172 | D:6      | Reached XP level 8. HP: 78/79 MP: 7/7
  4176 | D:6      | Reached skill level 7 in Unarmed Combat
  4504 | D:7      | Reached ** piety under Cheibriados
  4677 | D:7      | Reached skill level 5 in Fighting
  4701 | D:7      | Reached skill level 8 in Unarmed Combat
  4855 | D:7      | Found a glowing golden altar of the Shining One.
  5214 | D:8      | Reached XP level 9. HP: 80/88 MP: 8/8
  5221 | D:8      | Found a stormy altar of Qazlal.
  5235 | D:8      | Found an opulent altar of Gozag.
  5253 | D:8      | Found an ancient bone altar of Kikubaaqudgha.
  5394 | D:8      | Reached skill level 9 in Unarmed Combat
  5398 | D:8      | Reached *** piety under Cheibriados
  5642 | D:8      | Found a burning altar of Makhleb.
  6133 | D:9      | Reached **** piety under Cheibriados
  6256 | D:9      | Reached skill level 10 in Unarmed Combat
  6274 | D:9      | Noticed a two-headed ogre
  6281 | D:9      | Killed a two-headed ogre
  6282 | D:9      | Reached XP level 10. HP: 100/100 MP: 9/9
  6331 | D:9      | Noticed Maggie
  6342 | D:9      | Killed Maggie
  6629 | D:9      | Noticed Harold
  6638 | D:9      | Killed Harold
  6639 | D:9      | Reached skill level 11 in Unarmed Combat
  6726 | D:9      | Noticed Joseph
  6738 | D:9      | Killed Joseph
  7150 | D:9      | You fall into a shaft and drop 2 floors!
  7194 | D:11     | Noticed an elephant
  7199 | D:10     | Entered Level 10 of the Dungeon
  7264 | D:10     | Noticed Psyche
  7277 | D:10     | Killed Psyche
  7321 | D:10     | Noticed a two-headed ogre
  7325 | D:10     | Killed a two-headed ogre
  7433 | D:10     | Noticed a centaur warrior
  7434 | D:10     | Noticed a manticore
  7441 | D:10     | Killed a centaur warrior
  7441 | D:10     | Reached ***** piety under Cheibriados
  7442 | D:10     | Reached skill level 12 in Unarmed Combat
  7442 | D:10     | Reached XP level 11. HP: 84/109 MP: 10/10
  7446 | D:10     | Killed from afar by an acid dragon

Illustrated notes

Levels and vault maps discovered:
D:1:      dpeg_arrival_shrine, layout_loops_ring
D:2:      layout_basic, serial_shops, shop_fountains, basic_altar
D:3:      layout_loops_corners, lemuel_coloured_pillars_altar,
          gammafunk_ghost_cemetery, serial_shops, shop_fountains
D:4:      layout_rooms, xom_butterflies, minmay_temple_entry_tees, serial_shops,
          nicolae_shop_window_shopping, shop, shop, kennysheep_little_box
D:5:      layout_cave_pods, nrook_pool_corridor, kennysheep_generic_room_7
D:6:      layout_rooms, nzn_wu_jian_contemplation
D:7:      layout_loops_ring, lemuel_round_altar
D:8:      layout_cave_pods, mainiacjoe_overflow_boulevard, grunt_qazlal_clouds,
          chequers_temple_overflow_statue_of_worship
D:9:      layout_basic, serial_aquarium, aquarium_bridge_straight
          [aquarium_subvault_bridge, aquarium_subvault_wall,
          aquarium_subvault_bridge, aquarium_subvault_balcony],
          aquarium_window_1, aquarium_window_1, aquarium_window_fake,
          aquarium_view_2e, aquarium_view_2c, aquarium_balcony_3a, uniq_harold,
          uniq_joseph, uniq_maggie
D:10:     hangedman_cross_stitches, layout_loops_corners,
          mainiacjoe_overflow_paths, nicolae_hepliaklqana_monster_ancestors,
          enter_trove_6, uniq_psyche
D:11:     layout_irregular_city, david_lair_generic, zombieorc2_lemuel,
          serial_shops, nicolae_shop_getting_attention, kennysheep_just_a_vault
Temple:   nicolae_temple_hex_pool

Skill      XL: |  1  2  3  4  5  6  7  8  9 10 |
---------------+-------------------------------+-----
Shields        | 3 4 5 6 7 8 |  8.2
Unarmed Combat | 3 4 5 6 8 10 12 | 12.0
Fighting       | 3 4 5 6 7 |  7.4
Dodging        | 4 |  4.2

Action                     |  1- 3 |  4- 6 |  7- 9 | 10-12 || total
---------------------------+-------+-------+-------+-------++-------
  Melee: Unarmed           |    76 |   183 |   233 |    96 ||   588
  Throw: Dart              |       |    49 |    34 |    36 ||   119
         Boomerang         |       |       |    75 |    10 ||    85
         Throwing net      |       |       |     1 |     1 ||     2
  Evoke: Wand              |       |       |       |     1 ||     1
    Use: Scroll            |       |    12 |     6 |     2 ||    20
         Potion            |       |       |     3 |     6 ||     9
   Stab: Sleeping          |       |     1 |       |       ||     1
         Held in net/web   |       |       |       |     2 ||     2
 Armour: Robe              |    23 |    41 |    32 |    14 ||   110
  Dodge: Dodged            |    13 |    48 |    72 |    20 ||   153
  Block: Kite shield       |    26 |    55 |   117 |    39 ||   237
